[Event "Titled Tuesday Blitz March 08 Early 2022"]
[White "Moskvin, Anatoly"]
[Black "Derakhshani, Borna"]
[WhiteFideId "24199990"]
[BlackFideId "12518450"]
[WhiteElo "2079"]
[BlackElo "2035"]
[Result "1-0"]
[Round "01"]
[TimeControl "180+1"]
[Date "2022.03.09"]
[WhiteClock "0:00:09"]
[BlackClock "0:00:34"]

1. e4 c6 2. c4 d5 3. exd5 cxd5 4. cxd5 Nf6 5. Nc3 Nxd5 6. Nf3 Nc6 7. Bb5 g6 8. Qa4 Bg7 9. Bxc6+ bxc6 10. Qxc6+ Bd7 11. Qxd5 O-O 12. O-O e5 13. Nxe5 Be6 14. Qxd8 Rfxd8 15. d4 Rxd4 16. Nf3 Rd7 17. Be3 Rb7 18. Na4 Rb4 19. Nc5 Bxb2 20. Nxe6 Bxa1 21. Nc7 Rd8 22. Rxa1 a5 23. h3 a4 24. a3 Rb3 25. Na6 Rdd3 26. Bc5 Rb5 27. Bb4 h5 28. Nc5 Rd8 29. Nxa4 Ra8 30. Rc1 Rxa4 31. Rc8+ Kg7 32. h4 Ra7 33. g3 f6 34. Nd4 Rd5 35. Ne2 Rad7 36. Nf4 Re5 37. Kg2 Kf7 38. Bc3 Rb5 39. Rc6 g5 40. Rxf6+ Ke7 41. Ng6+ Kd8 42. hxg5 Rb3 43. Bb4 Rg7 44. Nf4 Kd7 45. g6 h4 46. Rf7+ Rxf7 47. gxf7 h3+ 48. Kxh3 Rxb4 49. axb4 Ke7 50. b5 Kxf7 51. b6 Ke7 52. b7 Kd7 53. b8=Q Kc6 54. Qc8+ Kb5 55. Nd5 Ka5 56. Qb8 Ka6 57. Qb6# 1-0


[Site "https://www.chess.com"]

[Event "Titled Tuesday Blitz March 08 Early 2022"]
[White "Murzin, Volodar"]
[Black "Derraugh, Geordie"]
[WhiteFideId "44155573"]
[BlackFideId "2603950"]
[WhiteElo "2585"]
[BlackElo "2116"]
[Result "1-0"]
[Round "01"]
[TimeControl "180+1"]
[Date "2022.03.09"]
[WhiteClock "0:00:04"]
[BlackClock "0:00:18"]

1. e4 e5 2. Nf3 Nc6 3. Bb5 a6 4. Ba4 Nf6 5. O-O Be7 6. Re1 b5 7. Bb3 O-O 8. a4 b4 9. d4 d6 10. dxe5 Nxe5 11. Bf4 Ng6 12. Bg3 Bb7 13. Nbd2 Nh5 14. Bd5 Bxd5 15. exd5 Bf6 16. Nc4 Qd7 17. Qd3 Nhf4 18. Qd2 Qg4 19. Ne3 Qh5 20. Bxf4 Nxf4 21. Qxb4 Nh3+ 22. Kf1 Rab8 23. Qg4 Qxg4 24. Nxg4 Nf4 25. Nxf6+ gxf6 26. b3 Nxd5 27. Nd4 Rfe8 28. Nc6 Ra8 29. Rad1 Nf4 30. g3 Ng6 31. Nb4 Kg7 32. Rxe8 Rxe8 33. Nxa6 Ne5 34. Nxc7 Rc8 35. Nb5 Rxc2 36. Nxd6 Ng4 37. Ne4 Nxh2+ 38. Kg2 Ng4 39. Rd2 Rc7 40. Rb2 Rb7 41. Nc5 Rb8 42. b4 Ne5 43. b5 Nc4 44. Rb3 Na5 45. Rb4 Rc8 46. Nb3 Rc2 47. Nxa5 Ra2 48. b6 Rc2 49. b7 Rc4 50. b8=Q Rxb4 51. Qxb4 1-0


[Site "https://www.chess.com"]

[Event "Titled Tuesday Blitz March 08 Early 2022"]
[White "Musovic, Armin"]
[Black "San, Thit Lwin"]
[WhiteFideId "939935"]
[BlackFideId "13001272"]
[WhiteElo "2283"]
[BlackElo "2232"]
[Result "1-0"]
[Round "01"]
[TimeControl "180+1"]
[Date "2022.03.09"]
[WhiteClock "0:00:49"]
[BlackClock "0:00:03"]

1. a3 Nf6 2. Nc3 d5 3. d3 e5 4. Bg5 Be7 5. e4 c6 6. f3 O-O 7. Nge2 d4 8. Nb1 Nh5 9. Bxe7 Qxe7 10. g3 f5 11. Bg2 fxe4 12. dxe4 Be6 13. Nd2 c5 14. O-O Nc6 15. f4 exf4 16. Nxf4 Nf6 17. h3 Ne5 18. Qe2 Rad8 19. Rae1 a6 20. Nf3 Nfd7 21. Nh4 Bc4 22. Nd5 Rxf1+ 23. Qxf1 Bxf1 24. Nxe7+ Kf7 25. Rxf1+ Kxe7 26. Nf5+ Kf8 27. Nxd4+ Kg8 28. Nf5 Rf8 29. Ne7+ Kh8 30. Rxf8+ Nxf8 31. b3 Ne6 32. Nf5 g6 33. Nd6 b5 34. Bf1 Nd4 35. a4 Nxc2 36. axb5 axb5 37. Bxb5 Nd4 38. Bc4 Kg7 39. Nb7 Nxc4 40. bxc4 Ne6 41. e5 Kf7 42. Kg2 Ke7 43. h4 Nd4 44. Nxc5 Nc6 45. Nd3 Ke6 46. Kf3 Na5 47. c5 Nc6 48. Ke4 Ne7 49. Nf4+ Kd7 50. g4 Kc6 51. Ne6 Kd7 52. Nf8+ Kc6 53. Nxh7 Kxc5 54. Nf8 Kc6 55. h5 gxh5 56. gxh5 Ng8 57. Kf5 Kc7 58. Ke6 Kd8 59. Kf7 Nh6+ 60. Kg6 Ng8 61. Ne6+ Ke7 62. Ng5 Kd7 63. h6 Ne7+ 64. Kf7 Nf5 65. h7 Nh6+ 66. Kf8 1-0


[Site "https://www.chess.com"]

[Event "Titled Tuesday Blitz March 08 Early 2022"]
[White "Nasuta, Grzegorz"]
[Black "Jakubowska, Anna"]
[WhiteFideId "1141686"]
[BlackFideId "1121952"]
[WhiteElo "2396"]
[BlackElo "1924"]
[Result "0-1"]
[Round "01"]
[TimeControl "180+1"]
[Date "2022.03.09"]
[WhiteClock "0:00:09"]
[BlackClock "0:00:14"]

1. e4 c6 2. d4 d5 3. Nc3 dxe4 4. Nxe4 Nf6 5. Nxf6+ exf6 6. c3 Bd6 7. Bd3 O-O 8. Qc2 Re8+ 9. Ne2 h5 10. O-O Nd7 11. Nf4 h4 12. Qd1 g6 13. Nxg6 fxg6 14. Bxg6 Re7 15. Qh5 Nf8 16. Bh6 Be6 17. Rfe1 Qd7 18. Re4 Nxg6 19. Qxg6+ Rg7 20. Qh5 Bd5 21. Bxg7 Bxe4 22. Bxf6 Qh7 23. Qg4+ Qg6 24. Qxg6+ Bxg6 25. Bxh4 Re8 26. h3 Re2 27. b3 Rc2 28. c4 Kf7 29. Bg5 Be7 30. Be3 Bf6 31. Kf1 c5 32. Kg1 cxd4 33. Bf4 d3 34. Rd1 Bc3 35. g4 d2 36. Kg2 Bd3 37. Kf3 Rxa2 38. Ke3 Bc2 39. Rxd2 Bxd2+ 40. Kxd2 Bxb3+ 41. Kc3 Bd1 42. Be3 Be2 43. h4 Bxg4 44. Bf4 Bf5 45. Bg5 Rxf2 46. Kd4 Rf3 47. Ke5 Kg6 48. c5 Rc3 49. Kd6 a5 50. Kc7 Rb3 0-1


[Site "https://www.chess.com"]

[Event "Titled Tuesday Blitz March 08 Early 2022"]
[White "Necula, Iulian"]
[Black "Kushko, Dmitriy"]
[WhiteFideId "1232380"]
[BlackFideId "14162261"]
[WhiteElo "1776"]
[BlackElo "2225"]
[Result "0-1"]
[Round "01"]
[TimeControl "180+1"]
[Date "2022.03.09"]
[WhiteClock "0:00:26"]
[BlackClock "0:00:24"]

1. b4 e5 2. Bb2 d6 3. Nf3 Nd7 4. c4 g6 5. Nc3 Bg7 6. e3 Ngf6 7. d4 O-O 8. d5 Qe7 9. Be2 e4 10. Nd4 h5 11. h3 h4 12. Qd2 Ne5 13. O-O-O c6 14. f4 exf3 15. Bxf3 Nxf3 16. gxf3 cxd5 17. Nxd5 Nxd5 18. cxd5 Bd7 19. Kb1 Rfc8 20. Rc1 Rxc1+ 21. Rxc1 Bxh3 22. Re1 Bd7 23. e4 h3 24. f4 Re8 25. Nf3 Bxb2 26. Kxb2 Qf6+ 27. e5 dxe5 28. Nxe5 Bf5 29. a4 Rd8 30. Rd1 Rd6 31. Ka3 Be4 32. Qc3 Rxd5 33. Qc8+ Kg7 34. Rxd5 Bxd5 35. Nd7 Qa1# 0-1


[Site "https://www.chess.com"]

[Event "Titled Tuesday Blitz March 08 Early 2022"]
[White "Neiksans, Arturs"]
[Black "Mikhnenko, Alexander"]
[WhiteFideId "11601388"]
[BlackFideId "34143014"]
[WhiteElo "2447"]
[BlackElo "2184"]
[Result "1-0"]
[Round "01"]
[TimeControl "180+1"]
[Date "2022.03.09"]
[WhiteClock "0:00:16"]
[BlackClock "0:00:07"]

1. e4 c5 2. Nf3 e6 3. g3 d5 4. exd5 exd5 5. d4 Nf6 6. Bg2 Nc6 7. O-O Be7 8. dxc5 Bxc5 9. a3 O-O 10. b4 Bb6 11. Nc3 Bg4 12. h3 Bh5 13. Bg5 Bd4 14. Qd2 Bxc3 15. Qxc3 Ne4 16. Qe3 f6 17. g4 fxg5 18. gxh5 Qf6 19. c4 Rae8 20. cxd5 Nb8 21. Qxa7 Nc3 22. Rfe1 Ne2+ 23. Kh1 Nf4 24. Qd4 Qf5 25. Rxe8 Rxe8 26. Re1 Rxe1+ 27. Nxe1 Nxh3 28. Bxh3 Qxh3+ 29. Kg1 Nd7 30. Ng2 Qxh5 31. Ne3 Qe8 32. d6 Qe5 33. Qd3 g6 34. Qc4+ Kg7 35. Qc7 Qe6 36. a4 Kf6 37. a5 Ne5 38. Qxb7 Qxd6 39. a6 g4 40. Nd5+ Kg5 41. Qe7+ Qxe7 42. Nxe7 Kf4 43. a7 1-0


[Site "https://www.chess.com"]

[Event "Titled Tuesday Blitz March 08 Early 2022"]
[White "Nguyen, Thi Minh Oanh"]
[Black "Pert, Richard G"]
[WhiteFideId "12404080"]
[BlackFideId "404748"]
[WhiteElo "1825"]
[BlackElo "2441"]
[Result "1-0"]
[Round "01"]
[TimeControl "180+1"]
[Date "2022.03.09"]
[WhiteClock "0:00:19"]
[BlackClock "0:00:03"]

1. d4 Nf6 2. Bf4 g6 3. e3 Bg7 4. Nf3 O-O 5. Be2 c5 6. c3 b6 7. a4 Bb7 8. O-O d6 9. a5 Nh5 10. Bg5 h6 11. Bh4 g5 12. Bg3 Nxg3 13. hxg3 Nd7 14. Na3 Nf6 15. Nd2 bxa5 16. Nac4 Rb8 17. Nxa5 Ba8 18. Qc2 Qc7 19. Rfc1 Rfc8 20. Nac4 Bc6 21. Ra2 Bb5 22. Rca1 a6 23. Qd1 cxd4 24. exd4 Nd5 25. Na3 Bxe2 26. Qxe2 Rb6 27. Nac4 Rc6 28. Ne3 Nxe3 29. Qxe3 Qb7 30. Qd3 Rb6 31. b3 Rbc6 32. c4 Rb6 33. Kf1 Rb8 34. Ra5 Qc8 35. Re1 e5 36. dxe5 Bxe5 37. Rd5 Qe6 38. f4 gxf4 39. gxf4 Qf6 40. g3 Bb2 41. Ne4 Qg7 42. Re2 Rxb3 43. Qd2 Rf3+ 44. Rf2 Rxf2+ 45. Kxf2 Ba3 46. Kf3 Rb3+ 47. Rd3 Rxd3+ 48. Qxd3 Bc5 49. Qd5 Qb2 50. Qf5 Qb3+ 51. Kg4 Qd1+ 52. Kh4 Qh1+ 53. Kg4 Qd1+ 54. Kh4 Kf8 55. Nf6 Qh1+ 56. Kg4 Qd1+ 57. Kh4 Qh1+ 58. Kg4 h5+ 59. Nxh5 Qd1+ 60. Kg5 Qf1 61. g4 Qxc4 62. Qc8+ Ke7 63. Qc7+ Ke8 64. Nf6+ Kf8 65. Qd8+ Kg7 66. Qg8# 1-0


[Site "https://www.chess.com"]

[Event "Titled Tuesday Blitz March 08 Early 2022"]
[White "Omariev, Maksim"]
[Black "Costachi, Mihnea"]
[WhiteFideId "4193423"]
[BlackFideId "1217518"]
[WhiteElo "2423"]
[BlackElo "2464"]
[Result "0-1"]
[Round "01"]
[TimeControl "180+1"]
[Date "2022.03.09"]
[WhiteClock "0:00:03"]
[BlackClock "0:00:56"]

1. g4 e5 2. Bg2 h5 3. gxh5 Rxh5 4. d3 d5 5. Nc3 c6 6. e4 Nf6 7. exd5 Bg4 8. f3 Bf5 9. dxc6 Nxc6 10. Nge2 Bc5 11. Ng3 Qd4 12. Qe2 Qh4 13. Be3 Bxe3 14. Qxe3 Be6 15. O-O-O Rh8 16. Nb5 Nd5 17. Qc5 Qe7 18. Nd6+ Kf8 19. Nxb7 Rc8 20. Qxe7+ Kxe7 21. Ne4 Nd4 22. c3 Nf4 23. Rd2 Bxa2 24. Nbc5 Nb3+ 25. Nxb3 Bxb3 26. h4 Rcd8 27. Bf1 Rh6 28. Nc5 Bd5 29. Rg1 g6 30. Rg5 f6 31. Rg3 Rxh4 32. Kc2 g5 33. Be2 Rh2 0-1


[Site "https://www.chess.com"]

[Event "Titled Tuesday Blitz March 08 Early 2022"]
[White "Osmonbekov, Talaibek"]
[Black "Pert, Nicholas"]
[WhiteFideId "2017253"]
[BlackFideId "403989"]
[WhiteElo "2135"]
[BlackElo "2536"]
[Result "0-1"]
[Round "01"]
[TimeControl "180+1"]
[Date "2022.03.09"]
[WhiteClock "0:00:06"]
[BlackClock "0:00:19"]

1. d4 e6 2. Nc3 Bb4 3. Bd2 Nf6 4. f3 d5 5. a3 Bxc3 6. Bxc3 b6 7. e3 Ba6 8. Bxa6 Nxa6 9. Qd3 Qc8 10. Ne2 O-O 11. e4 c5 12. O-O cxd4 13. Qxd4 dxe4 14. fxe4 Qc5 15. Qxc5 Nxc5 16. Bxf6 gxf6 17. Rxf6 Nxe4 18. Rf4 f5 19. g4 Rad8 20. gxf5 exf5 21. Ng3 Nxg3 22. hxg3 Rd2 23. Rf2 Rxf2 24. Kxf2 f4 25. Rd1 fxg3+ 26. Kxg3 Kg7 27. Rd6 Rf6 28. Rd7+ Rf7 29. Rd6 Rc7 30. c3 Kf7 31. Kg4 Ke7 32. Rh6 Kd8 33. Kf5 Re7 34. Rh2 Kc7 35. Kf6 Rd7 36. Ke6 b5 37. Ke5 Kc6 38. b4 Rd5+ 39. Ke4 h5 40. Rf2 Rd6 41. Rf5 Rh6 42. Rc5+ Kb6 43. Kf3 h4 44. Kg2 h3+ 45. Kh2 a6 46. c4 Rc6 47. Rh5 bxc4 48. Rf5 c3 49. Rf1 c2 50. Rc1 Rc3 51. a4 Kc6 52. Kg1 Kd5 53. b5 axb5 54. axb5 Kc5 55. b6 Kxb6 56. Kh2 Kc5 57. Kg1 Kc4 58. Kh2 Kb3 59. Kg1 Kb2 0-1


[Site "https://www.chess.com"]

[Event "Titled Tuesday Blitz March 08 Early 2022"]
[White "Papasimakopoulos, Alexandros"]
[Black "McCoy, Owen"]
[WhiteFideId "4244125"]
[BlackFideId "30924502"]
[WhiteElo "2340"]
[BlackElo "2411"]
[Result "1-0"]
[Round "01"]
[TimeControl "180+1"]
[Date "2022.03.09"]
[WhiteClock "0:00:08"]
[BlackClock "0:00:05"]

1. d4 d5 2. c4 e6 3. Nc3 Nf6 4. cxd5 exd5 5. Bg5 c6 6. e3 h6 7. Bh4 Bd6 8. Bd3 O-O 9. Qc2 Re8 10. Nf3 Bg4 11. O-O Bxf3 12. gxf3 Nbd7 13. Bg3 Bf8 14. Rab1 c5 15. dxc5 Nxc5 16. Bb5 Re6 17. Rfd1 a6 18. Bf1 Rc8 19. Bh3 Qe8 20. Bxe6 fxe6 21. Qe2 Ncd7 22. e4 Rxc3 23. bxc3 dxe4 24. fxe4 Nc5 25. e5 Nd5 26. Rbc1 Na4 27. Qf3 Nb2 28. Rd2 Na4 29. Rxd5 exd5 30. Qxd5+ Kh8 31. Qxb7 Ba3 32. Rc2 Qg6 33. Qb3 Nc5 34. Qxa3 Qxc2 35. Qxc5 Qb1+ 36. Kg2 Qxa2 37. Qc6 a5 38. e6 Qe2 39. Qd7 Qe4+ 40. f3 Qc2+ 41. Bf2 Qg6+ 42. Kf1 Qb1+ 43. Ke2 Qa2+ 44. Ke3 Qc4 45. e7 Qxc3+ 46. Kf4 Qf6+ 47. Ke4 Qg6+ 48. Kd5 Qd3+ 49. Kc6 Qc4+ 50. Bc5 Qa4+ 51. Kc7 Qf4+ 52. Kc8 Qc4 53. e8=Q+ Kh7 54. Qe4+ 1-0


[Site "https://www.chess.com"]

[Event "Titled Tuesday Blitz March 08 Early 2022"]
[White "Paravyan, David"]
[Black "Vetokhin, Ilia"]
[WhiteFideId "4194985"]
[BlackFideId "24156078"]
[WhiteElo "2569"]
[BlackElo "1897"]
[Result "1-0"]
[Round "01"]
[TimeControl "180+1"]
[Date "2022.03.08"]
[WhiteClock "0:01:36"]
[BlackClock "0:00:11"]

1. e4 c5 2. Nf3 Nc6 3. d4 cxd4 4. Nxd4 Nf6 5. Nc3 d6 6. Bg5 e6 7. Qd2 a6 8. Nxc6 bxc6 9. O-O-O Qc7 10. f4 Be7 11. Bxf6 gxf6 12. Bc4 Bd7 13. Rhe1 a5 14. Bb3 Rg8 15. f5 e5 16. g3 Bf8 17. Kb1 Qb6 18. a3 Qc7 19. Ka1 Qb7 20. Na4 Qc7 21. Qd3 Qb7 22. Qc4 Bc8 23. Rd2 Rg7 24. Red1 Qc7 25. Ka2 Ba6 26. Qc3 Bb5 27. Qe3 Rb8 28. Nc3 Ba6 29. Ka1 Rd8 30. Ba4 Rb8 31. Nd5 Qb7 32. Qc3 Bb5 33. Bxb5 cxb5 34. Nxf6+ Ke7 35. Rxd6 b4 36. Qxe5# 1-0


[Site "https://www.chess.com"]

[Event "Titled Tuesday Blitz March 08 Early 2022"]
[White "Paszewski, Mateusz"]
[Black "Zaichenko, Daria"]
[WhiteFideId "1141058"]
[BlackFideId "4197453"]
[WhiteElo "2102"]
[BlackElo "2039"]
[Result "1-0"]
[Round "01"]
[TimeControl "180+1"]
[Date "2022.03.09"]
[WhiteClock "0:00:05"]
[BlackClock "0:00:00"]

1. e4 c5 2. Nf3 Nc6 3. Bb5 g6 4. O-O Bg7 5. c3 a6 6. Ba4 b5 7. Bc2 e5 8. a4 Bb7 9. Re1 Nge7 10. d3 O-O 11. Be3 d6 12. d4 cxd4 13. cxd4 Nb4 14. Bb3 Bxe4 15. dxe5 Bxf3 16. Qxf3 Nd3 17. Rd1 Nxe5 18. Qe2 bxa4 19. Rxa4 N7c6 20. Nc3 Qd7 21. Bc5 Qb7 22. Bxd6 Qxb3 23. Bxf8 Rxf8 24. Rxa6 Nb4 25. Rb6 Nc4 26. Rb7 Nxb2 27. Rdd7 Bxc3 28. h4 Qe6 29. Qf3 Qe1+ 30. Kh2 Qe5+ 31. g3 N2d3 32. Re7 Qf6 33. Qxf6 Bxf6 34. Rec7 Kg7 35. h5 1-0


[Site "https://www.chess.com"]

[Event "Titled Tuesday Blitz March 08 Early 2022"]
[White "Piliczewski, Bogusz"]
[Black "Nozdrachev, Leonid"]
[WhiteFideId "1104144"]
[BlackFideId "24113433"]
[WhiteElo "1896"]
[BlackElo "2118"]
[Result "0-1"]
[Round "01"]
[TimeControl "180+1"]
[Date "2022.03.09"]
[WhiteClock "0:00:04"]
[BlackClock "0:00:04"]

1. d4 d6 2. Nf3 Nf6 3. Bf4 g6 4. h3 Bg7 5. e3 O-O 6. Be2 b6 7. O-O Bb7 8. Nbd2 Ne4 9. Nxe4 Bxe4 10. Nd2 Bb7 11. Bf3 Qc8 12. c4 Nd7 13. Rc1 e5 14. dxe5 dxe5 15. Bh2 Re8 16. Be4 Nc5 17. Bxb7 Qxb7 18. b4 Nd3 19. Rb1 Rad8 20. Qc2 c5 21. a3 e4 22. Rfd1 Qe7 23. b5 Qf6 24. Nxe4 Rxe4 25. Rxd3 Ree8 26. Rbd1 Rxd3 27. Qxd3 h5 28. Qd7 Re4 29. Qd5 Qe7 30. Bd6 Qe6 31. Bf4 Rxc4 32. Qa8+ Kh7 33. Qxa7 Bh6 34. Rd7 Rc1+ 35. Kh2 Bxf4+ 36. exf4 Kg7 37. Rb7 Qf6 38. g3 h4 39. Qxb6 hxg3+ 40. Kg2 Qxf4 41. fxg3 Rc2+ 42. Kg1 Qc1# 0-1


[Site "https://www.chess.com"]

[Event "Titled Tuesday Blitz March 08 Early 2022"]
[White "Pinheiro, Iung Alicio de O."]
[Black "Ardila, Oscar Humberto"]
[WhiteFideId "2104350"]
[BlackFideId "4404742"]
[WhiteElo "2571"]
[BlackElo "1966"]
[Result "1-0"]
[Round "01"]
[TimeControl "180+1"]
[Date "2022.03.09"]
[WhiteClock "0:01:12"]
[BlackClock "0:00:01"]

1. e4 e5 2. Bc4 Nc6 3. d3 Nf6 4. Nc3 Bb4 5. Ne2 d6 6. O-O Bg4 7. f3 Bh5 8. Be3 Bc5 9. Qd2 Bxe3+ 10. Qxe3 O-O 11. d4 Qe7 12. Rad1 Rad8 13. Nd5 Nxd5 14. Bxd5 exd4 15. Nxd4 Nxd4 16. Qxd4 b6 17. Bc6 Qe5 18. Qd5 h6 19. b4 Bg6 20. Rd3 Kh7 21. Rfd1 Qxd5 22. Rxd5 f6 23. g4 Bf7 24. R5d3 a6 25. Ra3 Bd5 26. Rxd5 a5 27. bxa5 bxa5 28. Raxa5 Rb8 29. Rdb5 1-0


[Site "https://www.chess.com"]

[Event "Titled Tuesday Blitz March 08 Early 2022"]
[White "Politov, Pavel Y."]
[Black "Dounis, Alexandros"]
[WhiteFideId "24110515"]
[BlackFideId "4213238"]
[WhiteElo "2090"]
[BlackElo "2204"]
[Result "0-1"]
[Round "01"]
[TimeControl "180+1"]
[Date "2022.03.09"]
[WhiteClock "0:00:04"]
[BlackClock "0:00:48"]

1. e4 e5 2. Nf3 Nc6 3. Bc4 Bc5 4. O-O d6 5. d3 Nf6 6. Re1 O-O 7. a4 a6 8. Nc3 h6 9. Nd5 Ba7 10. Be3 Nxd5 11. Bxd5 Ne7 12. Bb3 Bxe3 13. fxe3 Ng6 14. Qe2 Qe7 15. Rf1 Be6 16. Bxe6 Qxe6 17. d4 Rfe8 18. d5 Qd7 19. Qf2 c6 20. Nh4 Nxh4 21. Qxh4 Rac8 22. c3 cxd5 23. exd5 Rc5 24. e4 Rc4 25. Rf5 Rxa4 26. Raf1 f6 27. Qg4 Kh8 28. b3 Ra2 29. Qg6 Rf8 30. Rxf6 gxf6 31. Qxh6+ Kg8 32. Rxf6 Rxf6 33. Qxf6 Ra1+ 34. Kf2 Qf7 35. Qxf7+ Kxf7 0-1


[Site "https://www.chess.com"]

[Event "Titled Tuesday Blitz March 08 Early 2022"]
[White "Poormosavi, Seyed Kian"]
[Black "Samarth, J Rao"]
[WhiteFideId "12585807"]
[BlackFideId "46652370"]
[WhiteElo "2129"]
[BlackElo "1514"]
[Result "1-0"]
[Round "01"]
[TimeControl "180+1"]
[Date "2022.03.09"]
[WhiteClock "0:01:04"]
[BlackClock "0:00:22"]

1. Nf3 d5 2. g3 e6 3. Bg2 Bd6 4. O-O h5 5. b3 h4 6. Bb2 hxg3 7. fxg3 Nf6 8. Ng5 c6 9. e4 dxe4 10. Nxe4 Nxe4 11. Bxe4 f5 12. Bf3 Qc7 13. Qe2 b6 14. c4 Bb7 15. Nc3 Rg8 16. Qg2 g5 17. Nb5 Qd7 18. Nxd6+ Qxd6 19. Rae1 Nd7 20. Bh5+ Kd8 21. Bf7 Rf8 22. Bxe6 Nc5 23. Ba3 f4 24. Kh1 fxg3 25. d4 Rxf1+ 26. Qxf1 Qxd4 27. Rd1 Nd3 28. Qf8+ Kc7 29. Qe7+ Kb8 30. Bd6+ 1-0


[Site "https://www.chess.com"]

[Event "Titled Tuesday Blitz March 08 Early 2022"]
[White "Popadic, Dragan"]
[Black "Sonis, Francesco"]
[WhiteFideId "913650"]
[BlackFideId "895733"]
[WhiteElo "2222"]
[BlackElo "2373"]
[Result "0-1"]
[Round "01"]
[TimeControl "180+1"]
[Date "2022.03.09"]
[WhiteClock "0:00:02"]
[BlackClock "0:01:26"]

1. e4 Nc6 2. Nf3 e5 3. Bb5 a6 4. Ba4 d6 5. c3 g6 6. O-O Bd7 7. h3 Bg7 8. d3 Nf6 9. Nbd2 O-O 10. Re1 Re8 11. Nf1 b5 12. Bc2 d5 13. Qe2 Be6 14. Ng3 dxe4 15. dxe4 Bc4 16. Qe3 Nd7 17. Rd1 Qe7 18. Bd3 Bxd3 19. Rxd3 Rad8 20. Qe1 Nc5 21. Rxd8 Rxd8 22. Be3 Nd3 23. Qe2 Nf4 24. Qc2 Na5 25. Rd1 Nc4 26. Bc1 Ne6 27. b3 Nb6 28. Rxd8+ Qxd8 29. Ba3 f6 30. Qd2 Qxd2 31. Nxd2 Bh6 32. Ngf1 c5 33. f3 a5 34. Bb2 a4 35. Kf2 Kf7 36. g3 Bxd2 37. Nxd2 h5 38. h4 Ke7 39. Nf1 axb3 40. axb3 c4 41. bxc4 Nxc4 42. Bc1 Nc5 43. Ke2 Kd6 44. Be3 Na4 45. Kd3 Kc6 46. Nd2 Nab2+ 47. Ke2 Nxd2 48. Bxd2 Kc5 49. Bc1 Na4 50. Kd3 b4 51. Be3+ Kb5 52. cxb4 Kxb4 53. Bh6 Nc5+ 54. Ke3 Kc4 55. Bg7 Nd7 56. g4 Kc5 57. f4 hxg4 58. f5 gxf5 59. exf5 Kd6 60. h5 Ke7 0-1


[Site "https://www.chess.com"]

[Event "Titled Tuesday Blitz March 08 Early 2022"]
[White "Prohorov, Olexandr"]
[Black "Madmaxfury1995"]
[WhiteFideId "14105578"]
[WhiteElo "1993"]
[BlackElo "2593"]
[Result "1-0"]
[Round "01"]
[TimeControl "180+1"]
[Date "2022.03.09"]
[WhiteClock "0:00:25"]
[BlackClock "0:00:47"]

1. e4 c6 2. d4 d5 3. e5 c5 4. dxc5 e6 5. Bd3 Bxc5 6. Nf3 Ne7 7. O-O h6 8. c4 O-O 9. cxd5 Nxd5 10. a3 Nc6 11. Qe2 Nd4 12. Nxd4 Bxd4 13. Qe4 f5 14. Qxd4 Bd7 15. Nc3 Bc6 16. b4 Qe7 17. b5 Nxc3 18. Qxc3 Bd5 19. a4 Rac8 20. Qa3 Qh4 21. Bd2 f4 22. f3 Qg5 23. Bb4 Rfd8 24. Rac1 Qxe5 25. Kh1 Qe3 26. Bb1 Qe2 27. Rfe1 Qf2 28. Rxc8 Rxc8 29. Qd3 Qb2 30. Qh7+ Kf7 31. Bg6+ Kf6 32. Bd6 Rc1 33. Be5+ Kg5 34. h4+ 1-0


[Site "https://www.chess.com"]

[Event "Titled Tuesday Blitz March 08 Early 2022"]
[White "Rodchenkov, Sergey D."]
[Black "Fedoseev, Vladimir"]
[WhiteFideId "4168712"]
[BlackFideId "24130737"]
[WhiteElo "2306"]
[BlackElo "2726"]
[Result "0-1"]
[Round "01"]
[TimeControl "180+1"]
[Date "2022.03.08"]
[WhiteClock "0:00:08"]
[BlackClock "0:00:38"]

1. e4 c5 2. Nf3 d6 3. d4 cxd4 4. Nxd4 Nf6 5. Nc3 a6 6. Bg5 Nbd7 7. Qe2 h6 8. Bh4 g6 9. f4 e5 10. fxe5 dxe5 11. O-O-O Qc7 12. Nf3 Bg7 13. Qc4 Qxc4 14. Bxc4 O-O 15. Kb1 b5 16. Bb3 Nc5 17. Nxe5 Nxb3 18. axb3 Be6 19. Rhf1 g5 20. Be1 b4 21. Na4 Nxe4 22. Nc6 a5 23. Ne7+ Kh7 24. Nf5 Rfd8 25. Kc1 Be5 26. g3 Rxd1+ 27. Kxd1 Rd8+ 28. Kc1 Rc8 29. Kb1 Rc7 30. Ne3 Bd4 31. Nd1 Bg4 32. Kc1 Kg6 33. Nf2 Be3+ 34. Kb1 Bxf2 0-1


[Site "https://www.chess.com"]

[Event "Titled Tuesday Blitz March 08 Early 2022"]
[White "Roman, Rodrigo"]
[Black "Rastbod, Ali"]
[WhiteFideId "3701220"]
[BlackFideId "12567477"]
[WhiteElo "2001"]
[BlackElo "2200"]
[Result "0-1"]
[Round "01"]
[TimeControl "180+1"]
[Date "2022.03.09"]
[WhiteClock "0:00:55"]
[BlackClock "0:00:23"]

1. e4 e6 2. d4 d5 3. Nc3 Bb4 4. exd5 exd5 5. Nf3 Nf6 6. Bd2 O-O 7. Be2 Bf5 8. O-O c6 9. a3 Bd6 10. Bg5 Nbd7 11. Qd2 Qc7 12. h3 Rfe8 13. Bd3 Ne4 14. Bxe4 Bxe4 15. Nxe4 dxe4 16. Ne1 h6 17. Be3 f5 18. g3 g5 19. Ng2 Nf6 20. c4 Rad8 21. h4 f4 22. gxf4 gxh4 23. Nxh4 Kh7 24. Kh1 Qf7 25. Qe2 Nh5 26. f5 Be7 27. Qg4 Bxh4 28. Qxh4 Qxf5 29. Rg1 Rd7 30. Rg4 Rg7 31. Rxg7+ Kxg7 32. Rg1+ Kh7 33. Rg5 Qf3+ 34. Rg2 Rg8 35. Qh2 Rg4 36. d5 cxd5 37. cxd5 Rxg2 38. Qxg2 Qd1+ 39. Kh2 Qxd5 40. Qg4 Nf6 41. Qc8 Qh5+ 42. Kg3 Qf3+ 43. Kh2 Ng4+ 44. Kg1 Nxe3 45. Qxb7+ Kg6 46. fxe3 Qg3+ 47. Kf1 Qf3+ 48. Kg1 Qxe3+ 49. Kh2 Qf2+ 50. Kh3 Qf3+ 51. Kh2 Qf4+ 52. Kh3 Qe3+ 53. Kg2 Qd2+ 54. Kh3 Qd3+ 55. Kg2 e3 56. Qc6+ Kf5 57. Qc8+ Ke4 58. Qe6+ Kd4 59. Qd6+ Kc4 60. Qa6+ Kd4 61. Qd6+ Ke4 62. Qe7+ Kf4 63. Qf6+ Qf5 64. Qd4+ Qe4+ 65. Qxe4+ Kxe4 66. Kf1 Kd3 67. Ke1 h5 68. a4 h4 69. b4 h3 70. Kf1 h2 71. Kg2 e2 72. Kxh2 e1=Q 73. b5 Qa5 74. Kg3 Qb6 75. Kf4 Qa5 76. Ke5 Qxa4 77. Kd6 Qxb5 78. Kc7 a5 79. Kc8 a4 80. Kc7 a3 81. Kc8 a2 82. Kc7 a1=Q 83. Kc8 Qc3+ 84. Kd8 Kc2 85. Ke7 Qe2+ 86. Kd6 Qce1 87. Kc5 Q1d1 88. Kb6 Kd2 89. Kc5 Ke1 90. Kb4 Kf1 91. Ka3 Qec2 92. Kb4 Qb3+ 93. Kc5 Qdd5# 0-1


[Site "https://www.chess.com"]

[Event "Titled Tuesday Blitz March 08 Early 2022"]
[White "Rosenberg, Evan S"]
[Black "Perez Gormaz, Matias"]
[WhiteFideId "2019299"]
[BlackFideId "3406342"]
[WhiteElo "2288"]
[BlackElo "2327"]
[Result "0-1"]
[Round "01"]
[TimeControl "180+1"]
[Date "2022.03.09"]
[WhiteClock "0:00:06"]
[BlackClock "0:00:17"]

1. Nf3 d5 2. d4 e6 3. c4 a6 4. cxd5 exd5 5. Nc3 c6 6. Bf4 Bd6 7. Bxd6 Qxd6 8. e3 Bf5 9. Bd3 Ne7 10. O-O O-O 11. Rc1 Nd7 12. a3 a5 13. Nh4 Bxd3 14. Qxd3 g6 15. e4 dxe4 16. Nxe4 Qf4 17. g3 Qh6 18. Qf3 Nd5 19. Rce1 Qg7 20. Rd1 a4 21. Rfe1 Ra6 22. Nd6 Rb6 23. Re2 Rb3 24. Rd3 Rxd3 25. Qxd3 b5 26. Qd2 Qf6 27. Ne8 Qd8 28. Nd6 N7b6 29. Ne4 Kg7 30. Nc5 Re8 31. Qe1 Rxe2 32. Qxe2 Nc4 33. Qg4 Qf6 34. Ne4 Qe6 35. Qxe6 fxe6 36. Nc5 Kf6 37. Nd3 Ne7 38. g4 e5 39. dxe5+ Nxe5 40. Nxe5 Kxe5 41. Kg2 Kf4 42. h3 Ke4 43. Kg3 Kd3 44. f4 Kc2 45. f5 gxf5 46. Nxf5 Nd5 47. Nd4+ Kxb2 48. Nxc6 Kxa3 49. g5 b4 50. h4 b3 51. Na5 Kb4 52. Nc6+ Kc3 53. Ne5 b2 54. h5 b1=Q 55. g6 hxg6 56. hxg6 Qg1+ 57. Kh4 Qh2+ 58. Kg5 Qxe5+ 59. Kh6 Qf6 60. Kh7 Ne7 61. g7 Qg6+ 62. Kh8 Qe8+ 63. Kh7 Qg8+ 64. Kh6 a3 65. Kh5 Qxg7 66. Kh4 Qe5 67. Kg4 Qf5+ 68. Kh4 Qg6 69. Kh3 Nf5 70. Kh2 a2 71. Kh1 Qg7 72. Kh2 a1=Q 73. Kh3 Qh1# 0-1


[Site "https://www.chess.com"]